 Dungeon Crawl Stone Soup version 0.29-a0-378-gc08b2e8bf8 (webtiles) character file.

Game seed: 16579720989122870818

86 Majang the Skirmisher (level 4, -1/29 HPs)
             Began as a Kobold Berserker on May 4, 2022.
             Was a Believer of Trog.
             Killed from afar by Natasha (4 damage)
             ... with a magic dart
             ... on level 2 of the Dungeon.
             The game lasted 00:03:19 (1863 turns).

Majang the Skirmisher (Kobold Berserker)            Turns: 1863, Time: 00:03:21

Health: -1/29      AC:  8    Str: 12 (14) XL:     4   Next: 77%
Magic:  4/4        EV: 13    Int:  5 (8)  God:    Trog [**....]
Gold:   88         SH:  0    Dex: 14 (16) Spells: 3/3 levels left

rFire   . . .      SeeInvis .   a - +0 falchion
rCold   . . .      Faith    .   (no shield)
rNeg    . . .      Spirit   .   g - +3 ring mail
rPois   .          Reflect  .   (no helmet)
rElec   .          Harm     .   (no cloak)
rCorr   .          Rampage  .   (no gloves)
Will    .....                   (no boots)
Stlth   ++........              (no amulet)
HPRegen 0.09/turn               (no ring)
MPRegen 0.09/turn               (no ring)

@: on berserk cooldown, slowed, very slow
A: small, no large weapons, nightstalker 3
a: Renounce Religion, Berserk, Trog's Hand


You were on level 2 of the Dungeon.
You worshipped Trog.
Trog was pleased with you.
You visited 1 branch of the dungeon, and saw 2 of its levels.

You collected 88 gold pieces.

Inventory:

Hand Weapons
 a - a +0 falchion (weapon)
 b - a +0 short sword
Armour
 g - a +3 ring mail (worn)
Scrolls
 c - 4 scrolls of identify {unknown}
 e - a scroll of enchant weapon {unknown}
 f - 2 scrolls of teleportation {unknown}
Potions
 d - a potion of degeneration
 h - a potion of curing {unknown}


   Skills:
 + Level 4.1 Fighting
 * Level 3.7 Long Blades
 - Level 1.5 Armour
 - Level 2.4 Dodging


You had 3 spell levels left.
You didn't know any spells.
Your spell library was empty.

Dungeon Overview and Level Annotations

Branches:
Dungeon (2/15)

Altars:

Annotations:
D:2 Natasha


Innate Abilities, Weirdness & Mutations

You are small and have problems with some larger weapons.
You are completely attuned to the shadows.


Message History

The crimson imp hits you but does no damage.
Natasha misses you. The adder barely misses you.
You closely miss the adder.
The adder is almost dead.
The crimson imp misses you. The adder bites you but does no damage.
Natasha claws you.
The crimson imp hits you but does no damage.
The adder bites you.
You are poisoned.
The adder poisons you!
You barely miss the adder.
The adder is almost dead.
You feel sick. Natasha claws you. The adder bites you but does no damage.
The crimson imp misses you. Natasha claws you but does no damage.
The adder bites you. The crimson imp closely misses you.
You barely miss the adder.
The adder is almost dead.
You feel sick. The adder barely misses you. Natasha closely misses you.
The crimson imp hits you.
The crimson imp hits you but does no damage.
The adder barely misses you.
You slash the adder!
You kill the adder!
Trog accepts your kill.
You feel sick.
You are no longer poisoned.
Natasha claws you!
* * * LOW HITPOINT WARNING * * *
The crimson imp hits you.
* * * LOW HITPOINT WARNING * * *
The crimson imp hits you but does no damage.
Natasha closely misses you. The shadow imp barely misses you.
The crimson imp barely misses you. The crimson imp misses you.
It was a potion of degeneration.
There was something very wrong with that liquid.
You feel weakened.
You feel dopey.
You feel clumsy.
The shadow imp hits you but does no damage.
Natasha stares at you and mumbles some strange words.
The magic dart hits you.
You die...

# #
###################
..............#....
##.#####.....(.... #
#.......#.##.#.##.#.
##.#####...##........
...# ##.#####†##.#.
.### #.# #.5@...< .#
#.# #.55h... .# #.#
#....... )# #.#
#........ .#
......... .# ##


You could see Natasha, 2 crimson imps and a shadow imp (summoned).

Vanquished Creatures
  Natasha (D:2)
  2 adders (D:2)
  2 dart slugs (D:1)
  6 endoplasms (D:1)
  2 giant cockroaches (D:1)
  4 goblins
  2 hobgoblins (D:1)
  4 jackals (D:1)
  7 kobolds
  A quokka (D:1)
  2 bats (D:1)
  2 rats (D:1)
35 creatures vanquished.

Vanquished Creatures (others)
  2 withered plants (D:1)
2 creatures vanquished.

Grand Total: 37 creatures vanquished

Notes
Turn   | Place    | Note
-------+----------+-------------------------------------------
     0 | D:1      | Majang the Kobold Berserker began the quest for the Orb.
     0 | D:1      | Reached XP level 1. HP: 14/14 MP: 1/1
   118 | D:1      | Reached XP level 2. HP: 19/19 MP: 2/2
   824 | D:1      | Found a faded altar of an unknown god.
   942 | D:1      | Reached XP level 3. HP: 24/24 MP: 3/3
  1097 | D:1      | Reached ** piety under Trog
  1726 | D:2      | Reached XP level 4. HP: 24/29 MP: 4/4
  1841 | D:2      | Noticed Natasha
  1845 | D:2      | Killed Natasha
  1846 | D:2      | Reached skill level 4 in Fighting
  1853 | D:2      | Noticed Natasha
  1863 | D:2      | Killed from afar by Natasha

Illustrated notes

Levels and vault maps discovered:
D:1:      scummos_arrival_hexagon, layout_basic,
          ebering_ecumenical_altar_petrified, dk_noncrumbling_2,
          hangedman_decor_slide_cut
D:2:      layout_loops_ring, uniq_crazy_yiuf_cottage, uniq_natasha

Skill      XL: |  1  2  3  4 |
---------------+-------------+-----
Long Blades    | 3 |  3.7
Fighting       | 4 |  4.1
Armour         | |  1.5
Dodging        | |  2.4

Action                   |  1- 3 |  4- 6 || total
-------------------------+-------+-------++-------
Melee: Falchion          |   104 |    29 ||   133
       Punch             |     1 |       ||     1
Invok: Berserk           |       |     1 ||     1
  Use: Potion            |       |     1 ||     1
 Stab: Sleeping          |    10 |       ||    10
Armor: Animal skin       |     7 |       ||     7
       Ring mail         |    29 |    24 ||    53
Dodge: Dodged            |    76 |    28 ||   104

Table legend: (Time is in decaauts)
 A = Elapsed time spent in this place.
 B = Non-inter-level travel time spent in this place.
 C = Inter-level travel time spent in this place.
 D = Time resting spent in this place.
 E = Time spent auto-exploring this place.
 F = Levels seen in this place.
 G = Mean time per level.
                   A        B        C        D        E       F      G
               +--------+--------+--------+--------+--------+-----+--------+
         Total |   1884 |   1871 |     13 |    354 |   1198 |   2 |  942.0 |
       Dungeon |   1884 |   1871 |     13 |    354 |   1198 |   2 |  942.0 |
               +--------+--------+--------+--------+--------+-----+--------+

Top non-repeatable levels by time:
     D:1: 1692 daAuts
     D:2: 191 daAuts
